 Dungeon Crawl Stone Soup version 0.30.1 (webtiles) character file.

Game seed: 8912632942475242249

11102 McKennaii the Fighter (level 11, -6/92 HPs)
             Began as a Demonspawn Fighter on July 10, 2023.
             Was an Initiate of Qazlal.
             Mangled by a yak (12 damage)
             ... on level 1 of the Lair of Beasts.
             The game lasted 00:20:53 (12903 turns).

McKennaii the Fighter (Demonspawn Fighter)         Turns: 12903, Time: 00:20:54

Health: -6/92      AC: 11    Str: 24    XL:     11   Next: 44%
Magic:  13/13      EV: 10    Int:  9    God:    Qazlal [......]
Gold:   542        SH:  0    Dex: 16    Spells: 10/10 levels left

rFire   + . .        x - +0 glaive
rCold   . . .        (shield currently unavailable)
rNeg    . . .        C - +1 ring mail of the Tarantula {rCorr Str+3 Dex+3}
rPois   .            (helmet restricted)
rElec   .            (no cloak)
rCorr   +            (no gloves)
SInv    +            (no boots)
Will    .....        (no amulet)
Stlth   +            p - ring of see invisible
HPRegen 0.35/turn    G - ring of protection from fire
MPRegen 0.13/turn

%: no passive effects
@: no status effects
A: horns 1, yellow scales 2, powered by death 1, demonic magic 1
a: Renounce Religion


You were on level 1 of the Lair of Beasts.
You worshipped Qazlal.
Qazlal was noncommittal.
You visited 4 branches of the dungeon, and saw 13 of its levels.
You also visited: Sewer and Bailey.

You collected 542 gold pieces.

Inventory:

Hand Weapons
 a - a +0 trident
 x - a +0 glaive (weapon)
Armour
 c - a +0 buckler
 w - a +0 plate armour
 C - the +1 ring mail of the Tarantula (worn) {rCorr Str+3 Dex+3}
   (You found it on level 7 of the Dungeon)

   Str:       It affects your strength (+3).
   Dex:       It affects your dexterity (+3).
   rCorr:     It protects you from acid and corrosion.
Jewellery
 n - a ring of wizardry
 p - a ring of see invisible (left hand)
 z - a ring of poison resistance
 G - a ring of protection from fire (right hand)
 J - a ring of ice
Wands
 f - a wand of quicksilver (6)
 s - a wand of flame (20)
 v - a wand of mindburst (41)
 y - a wand of paralysis (2)
 H - a wand of digging (9)
 L - a wand of roots (5)
Scrolls
 i - 3 scrolls of enchant armour
 l - 2 scrolls of magic mapping
 o - 5 scrolls of enchant weapon
 r - 4 scrolls of brand weapon
 t - 2 scrolls of vulnerability
 u - a scroll of blinking
 A - 2 scrolls of poison
 B - a scroll of fog
 E - 2 scrolls of fear
 F - 4 scrolls of teleportation
Potions
 d - a potion of cancellation
 e - 6 potions of heal wounds
 g - 2 potions of magic
 h - a potion of invisibility {unknown}
 j - a potion of brilliance
 k - 2 potions of ambrosia
 m - 3 potions of curing
 q - a potion of berserk rage {unknown}
 D - 2 potions of haste
 I - 2 potions of resistance
 K - a potion of might


   Skills:
 + Level 10.8 Fighting
 + Level 9.7 Polearms
 + Level 9.9 Armour
 - Level 4.0 Shields
 + Level 3.0 Invocations


You had 10 spell levels left.
You didn't know any spells.
Your spell library contained the following spells:

 Spells                   Type           Power      Damage    Failure   Level
 Kiss of Death            Conj/Necr      0%         2d5       50%         1
 Summon Small Mammal      Summ           0%         N/A       50%         1
 Sublimation of Blood     Necr           0%         N/A       65%         2
 Call Canine Familiar     Summ           0%         N/A       86%         3
 Confusing Touch          Hex            0%         N/A       86%         3
 Dazzling Flash           Conj/Hex       0%         N/A       86%         3
 Summon Guardian Golem    Hex/Summ       0%         N/A       86%         3
 Dispel Undead            Necr           0%         3d6       99%         4
 Petrify                  Tmut/Erth      0%         N/A       99%         4
 Agony                    Necr           0%         N/A       100%        5
 Irradiate                Conj/Tmut      0%         3d11      100%        5
 Silence                  Hex/Air        0%         N/A       100%        5


Dungeon Overview and Level Annotations

Branches:
Dungeon (10/15)            Temple (1/1) D:5            Lair (1/5) D:8
    Orc (1/2) D:10          Sewer (visited)          Bailey (visited)

Altars:
Ashenzari
Cheibriados
Dithmenos
Makhleb
Okawaru
Qazlal
Ru
Sif Muna
Trog
Vehumet
Wu Jian
Xom
Yredelemnul

Shops:
D:2 (

Annotations:
D:4 1 runed translucent door, Crazy Yiuf


Innate Abilities, Weirdness & Mutations

You have a pair of small horns on your head.
You are mostly covered in yellow scales. (AC +3)
You regenerate a little health from kills.
Spells you cast may paralyse adjacent enemies.


Message History

The yak attacks as you move away! The yak gores you!
The yak closely misses you. The yak attacks as you move away!
The yak gores you but does no damage.
The yak snorts and paws the ground.
The yak attacks as you move away! The yak gores you but does no damage.
You closely miss the yak. Your headbutt misses the yak.
The yak snorts and paws the ground.
The yak gores you!
Found 12 gold pieces.
The yak attacks as you move away! The yak barely misses you.
The yak gores you but does no damage. The yak attacks as you move away!
The yak closely misses you. The yak attacks as you move away!
The yak gores you!
* * * LOW HITPOINT WARNING * * *
You slice the yak!! You headbutt the yak!
The yak is severely wounded.
The yak gores you but does no damage.
You slash the yak!
You kill the yak!
Qazlal accepts your kill.
Your Invocations skill increases to level 3!
You slash the yak!
The yak is moderately wounded.
The yak misses you.
You slash the yak!
The yak is severely wounded.
The yak barely misses you.
You hit the yak but do no damage. The yak closely misses you.
You slash the yak!
The yak is lightly wounded.
The yak gores you!
* * * LOW HITPOINT WARNING * * *
You slice the yak!!
The yak is severely wounded.
The yak gores you!
* * * LOW HITPOINT WARNING * * *
You slash the yak!
The yak is almost dead.
The yak gores you!
You die...

##..#.##.####.
##....##### ##
##....## .
###....## ..
#.....## ...
##....## ....
##....## ####.
##....## #. .~
##..#@## #..
###..YY## #...
#......# #....
#......###....P
#...#...#....#
#...##......#
#.#$ ##....##
##.. #....# ..
#...P#


You could see 2 yaks.

Vanquished Creatures
  2 vault guards (Bailey)
  A two-headed ogre (D:10)
  Amaemon (D:8)
  Pikel (D:6)
  Joseph (D:8)
  Maurice (D:8)
  An orange demon (D:8)
  Prince Ribbit (D:5)
  A blink frog (Bailey)
  2 wyverns
  7 yaks
  3 humans (Bailey)
  Eustachio (D:4)
  Edmund (D:4)
  A warg (D:10)
  2 acid dragons (D:10)
  A water moccasin (D:8)
  8 orc warriors
  A sky beast (D:7)
  A black bear (D:3)
  3 ogres
  2 lemures (D:6)
  2 phantoms
  2 kobold brigands
  13 bullfrogs
  A gnoll sergeant (D:9)
  4 scorpions
  5 wights (D:9)
  8 killer bees
  An electric eel (D:10)
  2 howler monkeys (D:8)
  2 jellies
  2 hounds
  5 orc priests (D:10)
  A gnoll bouda (D:9)
  Jessica (D:2)
  3 sleepcaps
  Ijyb (D:4)
  2 iguanas (D:7)
  8 orc wizards
  10 gnolls
  13 adders
  A river rat (Sewer)
  A white imp (D:8)
  2 ufetubi (D:5)
  7 worms
  4 dart slugs
  48 orcs
  13 ball pythons
  13 endoplasms
  11 giant cockroaches
  5 goblins
  13 hobgoblins
  2 jackals (D:1)
  21 kobolds
  3 quokkas
  6 bats
  6 frilled lizards
  9 rats
  2 butterflies (D:9)
296 creatures vanquished.

Vanquished Creatures (collateral kills)
  Duvessa (D:6)
  Dowan (D:6)
2 creatures vanquished.

Grand Total: 298 creatures vanquished

Notes
Turn   | Place    | Note
-------+----------+-------------------------------------------
     0 | D:1      | McKennaii the Demonspawn Fighter began the quest for the
                  | Orb.
     0 | D:1      | Reached XP level 1. HP: 18/18 MP: 1/1
   112 | D:1      | Gained mutation: You are partially covered in yellow
                  | scales. (AC +2) [demonic ancestry]
   112 | D:1      | Reached XP level 2. HP: 16/24 MP: 2/2
   445 | D:1      | Reached XP level 3. HP: 29/29 MP: 3/3
   754 | D:2      | Found Diynavoz's Weapon Emporium.
   867 | D:2      | Noticed Jessica
   878 | D:2      | Killed Jessica
   879 | D:2      | Gained mutation: You regenerate a little health from kills.
                  | [demonic ancestry]
   879 | D:2      | Reached XP level 4. HP: 21/36 MP: 4/4
  1427 | D:3      | Noticed a black bear
  1437 | D:3      | Killed a black bear
  1438 | D:3      | Reached skill level 4 in Fighting
  1438 | D:3      | Gained mutation: You are mostly covered in yellow scales.
                  | (AC +3) [demonic ancestry]
  1438 | D:3      | Reached XP level 5. HP: 30/42 MP: 5/5
  1639 | D:3      | Found a faded altar of an unknown god.
  2352 | D:3      | Reached XP level 6. HP: 48/48 MP: 6/6
  2877 | D:4      | Found a runed translucent door.
  3243 | D:4      | Reached XP level 7. HP: 55/55 MP: 7/7
  3257 | D:4      | Noticed Crazy Yiuf
  3441 | D:4      | Noticed Edmund
  3480 | D:4      | Killed Edmund
  3481 | D:4      | Reached skill level 5 in Fighting
  3580 | D:4      | Noticed Eustachio
  3603 | D:5      | Entered Level 5 of the Dungeon
  3880 | D:4      | Killed Eustachio
  3881 | D:4      | Reached skill level 5 in Armour
  4049 | D:4      | You fall into a shaft and drop 2 floors!
  4069 | D:6      | Noticed Duvessa
  4069 | D:6      | Noticed Dowan
  4077 | D:6      | Killed Duvessa
  4084 | D:6      | Killed Dowan
  4085 | D:6      | Reached XP level 8. HP: 20/64 MP: 8/8
  4168 | D:6      | Reached skill level 6 in Fighting
  4242 | D:6      | Reached skill level 5 in Polearms
  4303 | D:6      | Found a glowing drain.
  4381 | Sewer    | Entered a sewer
  4766 | D:6      | Noticed Pikel
  4843 | D:6      | Killed Pikel
  4844 | D:6      | Reached skill level 7 in Fighting
  5196 | D:5      | Noticed Ijyb
  5236 | D:4      | Killed Ijyb
  5445 | D:5      | Found a staircase to the Ecumenical Temple.
  5454 | D:5      | Gained mutation: You have a pair of small horns on your
                  | head. [demonic ancestry]
  5454 | D:5      | Reached XP level 9. HP: 64/72 MP: 9/9
  5806 | D:5      | Noticed Prince Ribbit
  5813 | D:5      | Killed Prince Ribbit
  6899 | D:7      | Identified the +1 ring mail of the Tarantula {rCorr Str+3
                  | Dex+3}
  7068 | D:7      | Reached skill level 8 in Fighting
  7551 | D:8      | Found a staircase to the Lair.
  7632 | D:8      | Noticed Maurice
  7638 | D:8      | Noticed Joseph
  7642 | D:8      | Killed Maurice
  7675 | D:8      | Killed Joseph
  7837 | D:8      | Identified the +2 leather armour of Ashenzari's Supremacy
                  | {rC+}
  7906 | D:8      | Gained mutation: Spells you cast may paralyse adjacent
                  | enemies. [demonic ancestry]
  7906 | D:8      | Reached XP level 10. HP: 63/82 MP: 10/10
  8185 | D:8      | Noticed Amaemon
  8229 | D:8      | Killed Amaemon
  8230 | D:8      | Reached skill level 9 in Fighting
  8376 | D:8      | Noticed an orange demon
  8384 | D:8      | Killed an orange demon
  8516 | D:9      | Found a shimmering altar of Xom.
  8567 | D:9      | Found a shimmering blue altar of Sif Muna.
  8663 | D:9      | Found a flagged portal.
  8694 | Bailey   | Entered a bailey
  9347 | Bailey   | Noticed a vault guard
  9367 | Bailey   | Killed a vault guard
  9515 | Bailey   | Noticed a vault guard
  9546 | Bailey   | Reached skill level 10 in Fighting
  9549 | Bailey   | Killed a vault guard
  9777 | D:9      | Reached XP level 11. HP: 91/91 MP: 11/11
  9957 | D:9      | Found a broken altar of Ashenzari.
 10113 | D:9      | Found a radiant altar of Vehumet.
 10536 | D:10     | Entered Level 10 of the Dungeon
 10567 | D:10     | Identified the +2 robe of Blue Skies {Dex+3 SInv}
 10900 | D:10     | Noticed a two-headed ogre
 10914 | D:10     | Killed a two-headed ogre
 11299 | Temple   | Entered the Ecumenical Temple
 11310 | Temple   | Became a worshipper of Qazlal Stormbringer
 11617 | D:10     | Reached skill level 1 in Invocations
 11959 | D:10     | HP: 2/92 [yak (13)]
 12250 | D:10     | Found an ornate altar of the Wu Jian Council.
 12253 | D:10     | Found a snail-covered altar of Cheibriados.
 12254 | D:10     | Found a bloodstained altar of Trog.
 12322 | D:10     | Found a staircase to the Orcish Mines.
 12614 | Orc:1    | Entered Level 1 of the Orcish Mines
 12614 | Orc:1    | Noticed an orc warlord
 12614 | Orc:1    | Noticed an orc sorcerer
 12815 | Lair:1   | Entered Level 1 of the Lair of Beasts
 12903 | Lair:1   | Mangled by a yak

Illustrated notes

Levels and vault maps discovered:
D:1:      lemuel_arrival_behind_the_door_large, layout_loops_cross
D:2:      layout_basic, serial_shops, shop_statue, corner_web_ring, uniq_jessica
D:3:      layout_basic, dreamdust_ecumenical_altar_sealed_demon,
          saegor_snake_ambush
D:4:      layout_basic, uniq_eustachio, uniq_crazy_yiuf_cottage, uniq_edmund
D:5:      layout_gridville, minmay_temple_entry_tees, minmay_between,
          uniq_prince_ribbit1, uniq_ijyb
D:6:      layout_cave_pods, gup_sewer_entry_pipe, uniq_pikel, uniq_duvessa
D:7:      layout_loops_ring
D:8:      layout_cave_pools, lair_entry_dummy, chequers_serial_rivers_micro_e,
          uniq_joseph, uniq_maurice, uniq_amaemon
D:9:      layout_loops_cross, mainiacjoe_overflow_alcove_4,
          mainiacjoe_overflow_alcove_1, mainiacjoe_overflow_brackets,
          xom_butterflies, enter_bailey_2
D:10:     layout_roguey, minitemple, erik_orc_2
Temple:   nicolae_temple_great_sept
Lair:1:   layout_concentric_octagons, infiniplex_staircase_pool
Orc:1:    minmay_goldmine, layout_caves

Skill      XL: |  1  2  3  4  5  6  7  8  9 10 11 |
---------------+----------------------------------+-----
Polearms       | 2 3 4 6 7 9 |  9.7
Armour         | 3 4 5 6 8 9 |  9.9
Shields        | 3 4 |  4.0
Fighting       | 4 5 7 8 10 | 10.8
Invocations    | 3 |  3.0

Action                     |  1- 3 |  4- 6 |  7- 9 | 10-12 || total
---------------------------+-------+-------+-------+-------++-------
  Melee: Trident           |   110 |   249 |   539 |   312 ||  1210
         Headbutt          |       |       |    24 |    74 ||    98
         Glaive            |       |       |       |   180 ||   180
  Evoke: Wand              |       |       |     3 |    33 ||    36
    Use: Scroll            |       |       |     5 |     9 ||    14
         Potion            |       |       |     8 |     1 ||     9
   Stab: Paralysed         |       |       |    13 |     2 ||    15
 Armour: Scale mail        |    38 |    94 |       |       ||   132
         Plate armour      |       |    21 |   435 |       ||   456
         Ring mail         |       |       |    28 |   159 ||   187
  Dodge: Dodged            |    48 |   118 |   179 |   206 ||   551
  Block: Buckler           |    19 |    44 |   167 |    73 ||   303
